 Dungeon Crawl Stone Soup version 0.24-a0-415-g6d73c25c48 (webtiles) character file.

Game seed: 11862358768366327144

42136 Laiders72 the Bludgeoner (level 13, -2/119 HPs)
             Began as a Minotaur Berserker on June 6, 2019.
             Was a High Priest of Trog.
             Slain by a porcupine (12 damage)
             ... on level 3 of the Lair of Beasts on June 7, 2019.
             The game lasted 00:59:11 (17492 turns).

Laiders72 the Bludgeoner (Minotaur Berserker)      Turns: 17492, Time: 00:59:12

Health: -2/119     AC: 15    Str: 23    XL:     13   Next: 83%
Magic:  16/16      EV: 23    Int:  9    God:    Trog [*****.]
Gold:   1147       SH: 12    Dex: 20    Spells: 12/12 levels left

rFire    + + .     SeeInvis +   V - +5 morningstar of the Heavens {drain, *Noise rF++ MR+ Int+3}
rCold    . . .     Gourm    .   Y - +1 shield {reflect}
rNeg     . . .     Faith    .   G - +1 scale mail {rPois}
rPois    +         Spirit   .   (helmet restricted)
rElec    .         Reflect  +   w - +0 cloak
rCorr    .         Harm     .   N - +0 pair of gloves {Dex+3}
MR       +....                  A - +0 pair of boots
Stlth    ..........             M - amulet "Nunuamp" {RegenMP Dex+5}
HPRegen  0.29/turn              J - ring of see invisible
MPRegen  0.40/turn              B - +6 ring of evasion

@: no status effects
A: retaliatory headbutt, horns 2
a: Berserk, Trog's Hand, Brothers in Arms, Renounce Religion


You were on level 3 of the Lair of Beasts.
You worshipped Trog.
Trog was extremely pleased with you.
You were hungry.

You visited 2 branches of the dungeon, and saw 17 of its levels.
You also visited: Gauntlet.

You collected 1147 gold pieces.

Inventory:

Hand Weapons
 V - the +5 morningstar of the Heavens (weapon) {drain, *Noise rF++ MR+ Int+3}
   (You took it off a minotaur in a Gauntlet)

   A truly terrible weapon, it drains the life of those it strikes.
   It affects your intelligence (+3).
   It greatly protects you from fire.
   It affects your resistance to hostile enchantments.
   It may make noises in combat.
Missiles
 e - 2 throwing nets
 y - 8 curare-tipped darts
 W - 18 silver javelins (quivered)
Armour
 w - a +0 cloak (worn)
 A - a +0 pair of boots (worn)
 G - a +1 scale mail of poison resistance (worn)
 N - a +0 pair of gloves of dexterity (worn)
 Q - the -2 cloak of the Butterfly {rC+ rN+ MR+ Dex+4, unknown}
   (You found it in a Gauntlet)

   It affects your dexterity (+4).
   It protects you from cold.
   It protects you from negative energy.
   It affects your resistance to hostile enchantments.
 R - the cursed +0 swamp dragon scales of Fortification {rPois rC+, unknown}
   (You found it in a Gauntlet)

   It protects you from cold.
   It protects you from poison.
   It has a curse placed upon it.
 S - a +1 pair of gloves of strength
 T - quicksilver dragon scales
 U - a +0 cloak of poison resistance
 X - the +6 scale mail "Koashis" {Str+4 Int+4}
   (You took it off a minotaur in a Gauntlet)

   It affects your strength (+4).
   It affects your intelligence (+4).
 Y - a +1 shield of reflection (worn)
Jewellery
 i - an uncursed ring of protection from magic
 m - an uncursed ring of positive energy
 B - a +6 ring of evasion (right hand)
 J - a ring of see invisible (left hand)
 M - the amulet "Nunuamp" (around neck) {RegenMP Dex+5}
   (You found it in a Gauntlet)

   [amulet of magic regeneration]

   It increases your magic regeneration.
   It affects your dexterity (+5).
 O - an uncursed ring of flight {unknown}
Wands
 j - a wand of acid (9)
 t - a wand of polymorph (10)
 u - a wand of iceblast (14)
 E - a wand of random effects (31)
 I - a wand of disintegration (12)
 P - a wand of paralysis (9)
Scrolls
 a - 6 scrolls of fog
 d - 10 scrolls of remove curse
 k - 3 scrolls of enchant armour {unknown}
 l - 3 scrolls of enchant weapon {unknown}
 n - 4 scrolls of magic mapping
 p - 3 scrolls of fear
 r - 2 scrolls of blinking {unknown}
 x - a scroll of silence {unknown}
 z - 3 scrolls of teleportation
 C - a scroll of summoning
 H - a scroll of noise {unknown}
 Z - a scroll of identify
Potions
 b - 6 potions of heal wounds
 f - 3 potions of brilliance
 g - 3 potions of might
 h - 3 potions of flight
 o - 4 potions of lignification
 q - 5 potions of curing
 s - 2 potions of mutation
 v - 3 potions of resistance
 D - a potion of ambrosia {unknown}
 F - 2 potions of invisibility {unknown}
 K - a potion of magic
 L - a potion of agility
Comestibles
 c - 38 rations


   Skills:
 + Level 12.3 Fighting
 + Level 15.0 Maces & Flails
 - Level 6.0 Throwing
 + Level 12.3 Armour
 + Level 11.9 Dodging
 - Level 6.0 Shields
 - Level 6.0 Evocations


You had 12 spell levels left.
You didn't know any spells.
Your spell library was empty.

Dungeon Overview and Level Annotations

Branches:
Dungeon (14/15)            Temple (0/1) D:4            Lair (3/6) D:11
    Orc (0/2) D:11         Vaults (0/5) D:13
  Swamp: Lair:2-4    Shoals: Lair:2-4     Snake: Lair:2-4    Spider: Lair:2-4

Altars:
Ashenzari
Cheibriados
Dithmenos
Elyvilon
Fedhas
Hepliaklqana
Okawaru
Ru
Uskayaw
Vehumet
Xom
Zin

Shops:
D:5 (   D:13 =

Portals:
Trove: D:11 (give 7 potions of agility)

Annotations:
D:12 Azrael


Innate Abilities, Weirdness & Mutations

You reflexively headbutt those who attack you in melee.
You have a pair of horns on your head.


Message History

You hit the soldier ant but do no damage.
You drain the soldier ant.
The soldier ant is lightly wounded.
The soldier ant stings you.
* * * LOW HITPOINT WARNING * * *
The queen ant closely misses you.
You hit the soldier ant. Your headbutt misses the soldier ant.
The soldier ant is moderately wounded.
You hit the soldier ant.
The soldier ant is heavily wounded.
The soldier ant closely misses you. The queen ant stings you.
* * * LOW HITPOINT WARNING * * *
A soldier ant comes into view.
You bludgeon the soldier ant!!
You kill the soldier ant!
Trog accepts your kill.
The queen ant stings you but does no damage.
The queen ant barely misses you.
You closely miss the porcupine. The porcupine bites you!
You die...

...... ...... ....
.##....$ P.... #...
P......
##..#####... .a...#
#P..#.##P... #...##
#...####...
#a..#####....#.....
#††##†.#..........
#r(†††.....#PP##..
#@a††.....######..
#†...#P...# #..
#....###.....# #..
##..## #...### #.#
#...# #...# ..#
#....# #...# ##..
......# ##..# ###
##....# ####


You could see a queen ant, a soldier ant and a porcupine.

Vanquished Creatures
  A minotaur (Gauntlet)
  A death ooze (Gauntlet)
  An ettin (D:13)
  2 hydras
  A centaur warrior (D:13)
  Harold (D:9)
  Erica (D:9)
  A deep troll earth mage (D:13)
  4 death yaks (Lair:3)
  A deep elf knight (D:13)
  A sixfirhy (Gauntlet)
  2 unseen horrors
  A wizard (D:13)
  Pikel (D:9)
  A necromancer (D:13)
  A wolf spider (D:13)
  2 slime creatures (D:13)
  A manticore (D:14)
  4 black mambas
  2 centaur zombies
  Joseph (D:9)
  2 gargoyles
  5 spiny frogs
  A rime drake (Lair:2)
  3 komodo dragons
  The ghost of Amnesiac the Slasher, a novice OpFi (D:5)
  A freezing wraith (D:13)
  3 trolls
  2 dream sheep (D:11)
  3 hippogriffs
  6 shadows (Gauntlet)
  A wraith (D:10)
  2 wyverns
  16 humans (D:13)
  30 yaks
  A basilisk (shapeshifter) (D:13)
  3 hogs (D:12)
  3 hungry ghosts
  A basilisk (Lair:1)
  A fire elemental (D:12)
  6 vampire mosquitoes
  19 soldier ants (Lair:3)
  2 wargs (D:11)
  8 water moccasins
  8 porcupines
  3 hell hounds (D:12)
  2 ice beasts
  8 orc warriors
  5 sky beasts
  A necrophage (D:7)
  3 phantoms
  An eye of draining (D:13)
  6 centaurs
  4 ogres
  5 wolves (Lair:2)
  7 crocodiles
  4 big kobolds
  12 bullfrogs
  3 wyvern skeletons
  4 scorpions
  5 howler monkeys
  3 crimson imps
  3 jellies
  4 orc priests
  2 bullfrog skeletons
  3 centaur skeletons
  13 hounds
  24 worker ants
  3 iguanas
  10 orc wizards
  2 hound skeletons
  A worker ant zombie (D:8)
  14 gnolls
  A howler monkey skeleton (D:7)
  10 adders
  A shadow imp (D:9)
  2 ufetubi (Gauntlet)
  An adder zombie (D:5)
  2 worms
  2 dart slugs (D:2)
  6 leopard geckos
  38 orcs
  7 giant cockroaches
  5 goblins
  10 hobgoblins
  2 jackals (D:8)
  A quokka (D:3)
  6 bats
  4 frilled lizards
  A jackal skeleton (D:8)
  10 kobolds
  A quokka zombie (D:7)
  8 rats
  A butterfly (D:8)
433 creatures vanquished.

Vanquished Creatures (collateral kills)
  An efreet (D:14)
  A wyvern (D:13)
  2 vampire mosquitoes (D:14)
  A bullfrog (D:14)
5 creatures vanquished.

Vanquished Creatures (others)
  Kirke (D:12)
  5 fungi
  12 plants (Gauntlet)
18 creatures vanquished.

Grand Total: 456 creatures vanquished

Notes
Turn   | Place    | Note
-------+----------+-------------------------------------------
     0 | D:1      | Laiders72 the Minotaur Berserker began the quest for the
                  | Orb.
     0 | D:1      | Reached XP level 1. HP: 19/19 MP: 0/0
   347 | D:1      | Reached skill level 4 in Maces & Flails
   362 | D:1      | Reached XP level 2. HP: 26/27 MP: 1/1
   869 | D:2      | Reached skill level 5 in Maces & Flails
   869 | D:2      | Reached XP level 3. HP: 20/34 MP: 2/2
  1118 | D:2      | Reached XP level 4. HP: 41/41 MP: 3/3
  1128 | D:2      | HP: 1/41 [acid (6)]
  1349 | D:2      | Reached ** piety under Trog
  1352 | D:2      | Reached skill level 6 in Maces & Flails
  1352 | D:2      | Reached XP level 5. HP: 44/47 MP: 4/4
  1592 | D:2      | Reached skill level 5 in Fighting
  1777 | D:2      | Found a glowing silver altar of Zin.
  2162 | D:3      | Found a faded altar of an unknown god.
  2517 | D:3      | Found a shadowy altar of Dithmenos.
  2803 | D:4      | Found an iron altar of Okawaru.
  2813 | D:4      | Noticed a phantom
  2817 | D:4      | Reached skill level 7 in Maces & Flails
  2817 | D:4      | Reached XP level 6. HP: 56/56 MP: 5/5
  2876 | D:4      | Reached *** piety under Trog
  3014 | D:4      | Found a staircase to the Ecumenical Temple.
  3130 | D:4      | Reached skill level 8 in Maces & Flails
  3134 | D:4      | Reached XP level 7. HP: 55/63 MP: 6/6
  3371 | D:4      | Found a shattered altar of Ashenzari.
  3536 | D:5      | Entered Level 5 of the Dungeon
  3563 | D:5      | Reached skill level 9 in Maces & Flails
  3611 | D:5      | Upgraded the game from 0.24-a0-412-ge138f7edaf to
                  | 0.24-a0-415-g6d73c25c48
  3832 | D:5      | Found a blossoming altar of Fedhas.
  3871 | D:5      | Found a runed translucent door.
  3871 | D:5      | Noticed Amnesiac's ghost (novice OpFi)
  3880 | D:5      | Killed Amnesiac's ghost
  3880 | D:5      | Reached skill level 10 in Maces & Flails
  3880 | D:5      | Reached XP level 8. HP: 74/74 MP: 7/7
  4156 | D:5      | Found Cusiocs's Weapon Shoppe.
  5080 | D:6      | Reached skill level 11 in Maces & Flails
  5234 | D:6      | Found a radiant altar of Vehumet.
  5677 | D:7      | Found a sacrificial altar of Ru.
  5721 | D:7      | Found a blossoming altar of Fedhas.
  5742 | D:7      | Reached **** piety under Trog
  5742 | D:7      | Reached XP level 9. HP: 80/81 MP: 8/8
  5895 | D:7      | Reached skill level 12 in Maces & Flails
  6380 | D:8      | Found a shimmering altar of Xom.
  6728 | D:8      | Found a snail-covered altar of Cheibriados.
  6880 | D:9      | Found a white marble altar of Elyvilon.
  6936 | D:9      | Noticed Harold
  6950 | D:9      | Killed Harold
  6950 | D:9      | Reached skill level 10 in Fighting
  6950 | D:9      | Reached skill level 13 in Maces & Flails
  7312 | D:9      | Noticed Joseph
  7317 | D:9      | Noticed Erica
  7327 | D:9      | Killed Joseph
  7327 | D:9      | Reached skill level 14 in Maces & Flails
  7327 | D:9      | Reached XP level 10. HP: 74/92 MP: 9/9
  7333 | D:9      | Killed Erica
  7600 | D:9      | Noticed Pikel
  7613 | D:9      | Killed Pikel
  8163 | D:10     | Entered Level 10 of the Dungeon
  8172 | D:10     | Found a shimmering altar of Xom.
  8324 | D:10     | Reached skill level 5 in Armour
  8489 | D:10     | Reached skill level 5 in Dodging
  8545 | D:10     | Reached skill level 5 in Shields
  8819 | D:11     | You fall into a shaft and drop 3 floors!
  8858 | D:14     | Reached XP level 11. HP: 89/99 MP: 10/10
  9294 | D:14     | Noticed a vampire knight
  9412 | D:13     | Noticed a centaur warrior
  9425 | D:13     | Killed a centaur warrior
 10188 | D:13     | Noticed an ettin
 10189 | D:13     | Noticed a deep troll earth mage
 10211 | D:13     | Killed an ettin
 10223 | D:13     | Killed a deep troll earth mage
 10251 | D:13     | Reached skill level 10 in Armour
 10430 | D:13     | Found a hazy altar of Hepliaklqana.
 10431 | D:13     | Found a hide-covered altar of Uskayaw.
 10432 | D:13     | Noticed a wolf spider
 10434 | D:13     | Noticed a deep elf knight
 10501 | D:13     | Killed a wolf spider
 10512 | D:13     | Killed a deep elf knight
 10705 | D:13     | Found Hekhlef's Jewellery Shop.
 10726 | D:13     | Reached skill level 10 in Dodging
 10973 | D:13     | Reached skill level 1 in Throwing
 10973 | D:13     | Reached XP level 12. HP: 92/106 MP: 11/11
 10979 | D:13     | Reached skill level 1 in Evocations
 11019 | D:13     | Received a gift from Trog
 11303 | D:13     | Found a gate to the Vaults.
 11303 | D:13     | Noticed a vault guard
 11303 | D:13     | Noticed a vault guard
 11319 | D:12     | Noticed an eight-headed hydra
 11602 | D:12     | Killed an eight-headed hydra
 11686 | D:12     | Noticed Kirke
 11717 | D:12     | Killed Kirke
 12531 | D:12     | Noticed Azrael
 12762 | D:11     | Found a staircase to the Lair.
 12984 | D:11     | Found a portal to a secret trove of treasure.
 13148 | D:11     | Found a staircase to the Orcish Mines.
 13179 | D:11     | Reached skill level 5 in Throwing
 13238 | D:11     | Reached ***** piety under Trog
 13691 | D:11     | Noticed a three-headed hydra
 13707 | D:11     | Killed a three-headed hydra
 13961 | D:9      | Found a white marble altar of Elyvilon.
 14467 | Lair:1   | Entered Level 1 of the Lair of Beasts
 14502 | Lair:1   | Found a gate leading to a gauntlet.
 14512 | Lair:1   | Reached skill level 5 in Evocations
 14532 | Gauntlet | Entered a Gauntlet
 14532 | Gauntlet | Found a transporter.
 14532 | Gauntlet | Found a transporter.
 14532 | Gauntlet | Found a transporter.
 14601 | Gauntlet | Found a transporter.
 14602 | Gauntlet | Found a transporter.
 14605 | Gauntlet | Found a transporter.
 14611 | Gauntlet | Noticed a death ooze
 14613 | Gauntlet | Found a transporter.
 14614 | Gauntlet | Found a transporter.
 14615 | Gauntlet | Found a transporter.
 14616 | Gauntlet | Found a transporter.
 14620 | Gauntlet | Found a runed translucent door.
 14620 | Gauntlet | Found a runed translucent door.
 14624 | Gauntlet | Found a transporter.
 14626 | Gauntlet | Identified the +4 hunting sling of Teshrau {flame, rPois
                  | SInv}
 14628 | Gauntlet | Found a transporter.
 14802 | Gauntlet | Reached XP level 13. HP: 57/116 MP: 15/15
 14984 | Gauntlet | Killed a death ooze
 15029 | Gauntlet | Got a fine diamond amulet
 15030 | Gauntlet | Identified the amulet "Nunuamp" {RegenMP Dex+5} (You found
                  | it in a Gauntlet)
 15283 | Gauntlet | Identified the +5 morningstar of the Heavens {drain, *Noise
                  | rF++ MR+ Int+3}
 15283 | Gauntlet | Identified the +6 scale mail "Koashis" {Str+4 Int+4}
 15283 | Gauntlet | Noticed a minotaur
 15307 | Gauntlet | Killed a minotaur
 15317 | Gauntlet | Identified the Collected Works on Feathery Battle Magic
 15321 | Gauntlet | Got a pitted cloak
 15326 | Gauntlet | Got smelly swamp dragon scales
 16316 | Lair:2   | Received a gift from Trog
 17417 | Lair:3   | Received a gift from Trog
 17459 | Lair:3   | Reached skill level 15 in Maces & Flails
 17492 | Lair:3   | Slain by a porcupine

Levels and vault maps discovered:
D:1:      mushboom_english_gardens, layout_rooms, minmay_quantized
D:2:      layout_loops_ring, marbit_many_paths, corexii_hall_statues_i,
          chequers_serial_rivers_small_a
D:3:      layout_rooms, nicolae_overflow_crystal_walls,
          chequers_ecumenical_altar_lobes
D:4:      layout_loops_ring, kennysheep_mini, minmay_temple_entry_grid,
          first_ration, minivault_26, okawaru_trees_2
D:5:      layout_basic, fedhas_altar_fruit_tree, gammafunk_ghost_grave,
          serial_shops, shop
D:6:      layout_cave_pods, old_standard_altar, chequers_serial_rivers_micro_d
D:7:      layout_rooms, old_standard_altar, basic_altar
D:8:      layout_basic, xom_butterflies, basic_altar
D:9:      layout_small_grid, lemuel_doored_altar, uniq_joseph, uniq_pikel,
          uniq_erica, uniq_harold
D:10:     layout_roguey, basic_altar
D:11:     layout_basic, erik_lair_orcish_takeover, david_orc_2, enter_trove_6,
          hangedman_ranch [blue_anna_fruit_fields]
D:12:     minmay_slanted_spiral_squares, layout_small_grid, uniq_kirke,
          uniq_fannar, uniq_azrael
D:13:     layout_loops_ring, grunt_vaults_entry_tiered,
          minmay_shop_enchanted_jewellery, jmf_multi_god_temple
D:14:     layout_rooms, eino_curves_04, minmay_misc_feat_more_columns,
          minmay_guarded_unrand_vampires_tooth
Lair:1:   layout_long_grid, gauntlet_entry_generic, beast_lair_carwin_8
Lair:2:   layout_gridlike, lemuel_fruit_tree, serial_bayou_shore_b,
          grunt_megastairs_1
Lair:3:   layout_small_grid, minmay_snake_entry_guardpost_medium, minivault_29,
          grunt_megastairs_4

Skill      XL: |  1  2  3  4  5  6  7  8  9 10 11 12 13 |
---------------+----------------------------------------+-----
Maces & Flails | 4 5 6 7 8 10 11 14 15 | 15.0
Fighting       | 4 5 6 7 8 10 11 12 | 12.3
Armour         | 6 10 11 12 | 12.3
Dodging        | 6 10 11 | 11.9
Shields        | 6 |  6.0
Throwing       | 1 5 6 |  6.0
Evocations     | 5 6 |  6.0

Action                   |  1- 3 |  4- 6 |  7- 9 | 10-12 | 13-15 || total
-------------------------+-------+-------+-------+-------+-------++-------
Melee: Mace              |    49 |       |       |       |       ||    49
       Headbutt          |     9 |    22 |    75 |   232 |    82 ||   420
       Flail             |     5 |    77 |       |       |       ||    82
       Whip              |       |    62 |   347 |   785 |    59 ||  1253
       Morningstar       |       |       |       |       |   256 ||   256
Invok: Berserk           |     2 |     2 |     5 |     8 |     3 ||    20
       Trog's Hand       |       |       |     4 |     3 |     2 ||     9
       Brothers in Arms  |       |       |     1 |     5 |     3 ||     9
  Use: Potion            |       |     2 |       |     1 |     1 ||     4
       Scroll            |       |       |    11 |    12 |     1 ||    24
  Eat: Chunk             |     2 |     9 |    15 |    34 |    10 ||    70
       Ration            |       |       |     1 |     1 |     1 ||     3
Armor: Animal skin       |     3 |       |       |       |       ||     3
       Ring mail         |     9 |       |       |       |       ||     9
       Scale mail        |     5 |     6 |     6 |   129 |    40 ||   186
       Chain mail        |       |    21 |       |       |       ||    21
       Plate armour      |       |    45 |   113 |       |       ||   158
Dodge: Dodged            |    49 |    45 |    74 |   358 |   233 ||   759
Block: Shield            |       |       |    51 |   353 |   197 ||   601

Table legend:
 A = Non-vault XP
 B = Vault XP
 C = Vault XP percentage of total XP
 D = Non-vault monster count
 E = Vault monster count
 F = Vault count percentage of total count
                 A         B        C        D         E       F
            +---------+---------+-------+---------+---------+-------
      Total |   35967 |   24228 |  40.2 |     323 |     115 |  26.3
            +---------+---------+-------+---------+---------+-------
        D:1 |      26 |       5 |  16.1 |      15 |       5 |  25.0
        D:2 |     189 |       5 |   2.6 |      25 |       1 |   3.8
        D:3 |     134 |       0 |   0.0 |      25 |       0 |   0.0
        D:4 |     627 |       0 |   0.0 |      19 |       0 |   0.0
        D:5 |     573 |     365 |  38.9 |      17 |       1 |   5.6
        D:6 |     509 |       0 |   0.0 |      18 |       0 |   0.0
        D:7 |     600 |       0 |   0.0 |      14 |       0 |   0.0
        D:8 |     629 |       0 |   0.0 |      23 |       0 |   0.0
        D:9 |    1696 |    2667 |  61.1 |      20 |       4 |  16.7
       D:10 |    1640 |       0 |   0.0 |      14 |       0 |   0.0
       D:11 |    2728 |    3289 |  54.7 |      14 |      20 |  58.8
       D:12 |    3683 |    1401 |  27.6 |      13 |       8 |  38.1
       D:13 |    5785 |    7411 |  56.2 |      36 |      22 |  37.9
       D:14 |    2706 |     191 |   6.6 |      13 |       1 |   7.1
     Lair:1 |    3618 |     582 |  13.9 |      16 |       6 |  27.3
     Lair:2 |    5693 |     933 |  14.1 |      29 |       3 |   9.4
     Lair:3 |    5131 |    3523 |  40.7 |      12 |      33 |  73.3
   Gauntlet |       0 |    3856 | 100.0 |       0 |      11 | 100.0
            +---------+---------+-------+---------+---------+-------
